 Dungeon Crawl Stone Soup version 0.29.1-14-g9c671dbff4 (webtiles) character file.

Game seed: 17039806150210910074

11 hawla the Firebug (level 2, -3/20 HPs)
             Began as a Meteoran Fire Elementalist on Feb 18, 2023.
             Slain by a gnoll
             ... wielding a +0 whip
              (4 damage)
             ... on level 3 of the Dungeon.
             The game lasted 00:00:34 (73 turns).

hawla the Firebug (Meteoran Fire Elementalist)        Turns: 73, Time: 00:00:35

Health: -3/20      AC:  2    Str:  9    XL:     2   Next: 58%
Magic:  3/6        EV: 12    Int: 16    God:
Gold:   18         SH:  0    Dex: 14    Spells: 5/6 levels left

rFire   . . .      SeeInvis .   (no weapon)
rCold   . . .      Faith    .   (no shield)
rNeg    . . .      Spirit   .   a - +0 robe
rPois   .          Reflect  .   (no helmet)
rElec   .          Harm     .   (no cloak)
rCorr   .          Rampage  .   (no gloves)
Will    .....                   (no boots)
Stlth   +.........              (no amulet)
HPRegen 0.06/turn               (no ring)
MPRegen 0.10/turn               (no ring)

@: glowing
A: sense surroundings 1, otherworldly, glowing, explore regen
a: no special abilities


You were on level 3 of the Dungeon.
You visited 1 branch of the dungeon, and saw 3 of its levels.

You collected 18 gold pieces.

Inventory:

Armour
 a - a +0 robe (worn)
Scrolls
 c - a scroll of teleportation {unknown}
Potions
 b - 2 potions of magic
 d - a potion of mutation {unknown}


   Skills:
 + Level 2.7 Dodging
 - Level 1.4 Stealth
 + Level 2.9 Spellcasting
 + Level 1.2 Conjurations
 + Level 4.1 Fire Magic


You had 5 spell levels left.
You knew the following spells:

 Your Spells              Type           Power      Damage    Failure   Level
a - Foxfire               Conj/Fire      44%        2x1d6     6%          1

Your spell library contained the following spells:

 Spells                   Type           Power      Damage    Failure   Level
 Scorch                   Fire           30%        2d7       5%          2
 Conjure Flame            Conj/Fire      11%        6-21      19%         3
 Inner Flame              Hex/Fire       8%         N/A       24%         3
 Flame Wave               Conj/Fire      11%        2d6       52%         4


Dungeon Overview and Level Annotations

Branches:
Dungeon (3/15) Zot: 1726

Altars:
Trog


Innate Abilities, Weirdness & Mutations

You passively map a small area around you.
You are easily found by Zot.
You glow in the dark.
You regain HP and MP as you explore.


Message History

The gnoll is lightly wounded.
The foxfire hits the gnoll.
The gnoll is moderately wounded.
The gnoll completely misses you.
The foxfire hits the gnoll.
The gnoll is lightly wounded.
The foxfire hits the gnoll.
The gnoll is heavily wounded.
The gnoll hits you from afar with a +2 spear of freezing.
The gnoll freezes you.
There is a stone staircase leading down here.
The gnoll hits you from afar with a +2 spear of freezing.
The gnoll freezes you. The gnoll hits you with a +0 whip.
* * * LOW HITPOINT WARNING * * *
You climb downwards.
The adder hisses angrily.
Your magical contamination has completely faded away.
Found a buckler.
Found a stone staircase leading down.
There is a stone staircase leading up here.
Casting: Foxfire (safe; 6% risk of failure)
Confirm with . or Enter, or press ? or * to list all spells.
You conjure some foxfire!
The gnoll hits you with a +0 whip.
* * * LOW HITPOINT WARNING * * *
The foxfire hits the gnoll.
The gnoll is heavily wounded.
The foxfire hits the gnoll but does no damage.
The gnoll is heavily wounded.
Casting: Foxfire (safe; 6% risk of failure)
Confirm with . or Enter, or press ? or * to list all spells.
You conjure some foxfire!
The gnoll hits you with a +0 whip.
* * * LOW HITPOINT WARNING * * *
The foxfire hits the gnoll.
The gnoll is severely wounded.
The foxfire hits the gnoll.
The gnoll is almost dead.
The gnoll attacks as you move away! The gnoll barely misses you.
The giant cockroach attacks as you move away!
The giant cockroach barely misses you. The adder attacks as you move away!
The adder misses you. The gnoll hits you with a +0 whip.
You die...

##########
.........#
,.........#
........B########
*
.>......S@.......
........g######..
.........# * ,
.......<.# ,, ,
....[....#
##.####### * * ,
, # , , ,, , ,


You could see a gnoll, an adder and a giant cockroach.

Vanquished Creatures
  A gnoll (D:2)
  A giant cockroach (D:1)
2 creatures vanquished.

Vanquished Creatures (others)
  15 foxfires
15 creatures vanquished.

Grand Total: 17 creatures vanquished

Notes
Turn   | Place    | Note
-------+----------+-------------------------------------------
     0 | D:1      | hawla the Meteoran Fire Elementalist began the quest for
                  | the Orb.
     0 | D:1      | Reached XP level 1. HP: 14/14 MP: 5/5
    39 | D:1      | You fall into a shaft and drop 1 floor!
    43 | D:2      | Found a bloodstained altar of Trog.
    62 | D:2      | Reached skill level 4 in Fire Magic
    62 | D:2      | Reached XP level 2. HP: 20/20 MP: 1/6
    70 | D:3      | HP: 1/20 [gnoll/+0 whip (2)]
    73 | D:3      | Slain by a gnoll

Illustrated notes

Levels and vault maps discovered:
D:1:      scummos_arrival_gate, layout_basic, minmay_3d_cube
D:2:      layout_loops_ring, basic_altar, hellmonk_ecumenical_altar_blasted,
          uniq_jessica
D:3:      layout_rooms, okawaru_gym_becter

Skill      XL: |  1 |
---------------+----+-----
Fire Magic     | 4 |  4.1
Dodging        | |  2.7
Stealth        | |  1.4
Spellcasting   | |  2.9
Conjurations   | |  1.2

Action                   || total
-------------------------++-------
Melee: Unarmed           ||     1
 Cast: Foxfire           ||     8
Dodge: Dodged            ||     4
